 Dungeon Crawl Stone Soup version 0.24.0-37-gcf1ca852f1 (webtiles) character file.

Game seed: 10397904723670092937, levelgen mode: deterministic

98 vurker the Shield-Bearer (level 4, -14/24 HPs)
             Began as a Vine Stalker Fighter on Dec 6, 2019.
             Killed from afar by a ynoxinul (18 damage)
             ... with an iron shot
             ... on level 1 of the Abyss.
             The game lasted 00:04:25 (1292 turns).

vurker the Shield-Bearer (Vine Stalker Fighter)     Turns: 1292, Time: 00:04:25

Health: -14/24     AC:  6    Str: 20    XL:     4   Next: 71%
Magic:  0/5        EV:  7    Int:  8    God:
Gold:   62         SH:  9    Dex: 13    Spells: 3/3 levels left

rFire    . . .     SeeInvis .   j - +0 dagger
rCold    . . .     Gourm    .   c - +0 shield
rNeg     . . .     Faith    .   b - +0 scale mail
rPois    +         Spirit   +   (no helmet)
rElec    .         Reflect  .   (no cloak)
rCorr    .         Harm     .   (no gloves)
MR       .....                  (no boots)
Stlth    ..........             (no amulet)
HPRegen  0.48/turn              l - ring of poison resistance
MPRegen  0.09/turn              (no ring)

@: no status effects
A: fangs 2, regeneration 1, magic shield, antimagic bite, no potion heal 3, rot
immunity
a: no special abilities


You were on level 1 of the Abyss.
You were hungry.

You visited 1 branch of the dungeon, and saw 2 of its levels.
You visited the Abyss 1 time.

You collected 62 gold pieces.

Inventory:

Hand Weapons
 j - a +0 dagger (weapon)
   (You found it on level 1 of the Dungeon)
Armour
 b - a +0 scale mail (worn)
 c - a +0 shield (worn)
Jewellery
 l - a ring of poison resistance (left hand)
   (You found it on level 2 of the Dungeon)
Scrolls
 a - 2 scrolls of fog {unknown}
 e - 2 scrolls of identify {unknown}
 g - a scroll of remove curse {unknown}
Potions
 d - a potion of might
 i - a potion of brilliance {unknown}
 k - a potion of curing {unknown}
Comestibles
 f - 4 rations
 h - a chunk of flesh


   Skills:
 + Level 3.1 Fighting
 * Level 1.9(2.3) Short Blades
   Level 1.7(2.2) Long Blades
 - Level 2.4 Armour
 + Level 0.7 Dodging
 + Level 3.7 Shields


You had 3 spell levels left.
You didn't know any spells.
Your spell library was empty.

Dungeon Overview and Level Annotations

Branches:
Dungeon (2/15)

Altars:
Dithmenos

Annotations:
D:2 Terence


Innate Abilities, Weirdness & Mutations

You have extremely sharp teeth.
Your natural rate of healing is unusually fast.
When hurt, damage is shared between your health and your magic reserves.
Your bite disrupts and absorbs the magic of your enemies.
Potions cannot restore your health.
You are immune to rotting.


Message History

Some of the chunks of flesh in your inventory have rotted away.
You hit the ynoxinul but do no damage. You bite the ynoxinul.
The ynoxinul's magic leaks into the air.
You drain its magic.
You feel invigorated. The ynoxinul hits you.
Your scale mail prevents you from hitting the ynoxinul.
You bite the ynoxinul, but do no damage.
The ynoxinul falters for a moment.
You hit the ynoxinul. You bite the ynoxinul.
The ynoxinul's magic leaks into the air.
You drain its magic. The ynoxinul closely misses you.
You hit the ynoxinul but do no damage. You bite the ynoxinul.
The ynoxinul's magic leaks into the air.
You drain its magic. The ynoxinul hits you.
You hit the ynoxinul but do no damage. You bite the ynoxinul.
The ynoxinul's magic leaks into the air.
You drain its magic.
You feel invigorated.
The ynoxinul falters for a moment.
You hit the ynoxinul.
You bite the ynoxinul, but do no damage.
The ynoxinul barely misses you.
You hit the ynoxinul but do no damage. Your bite misses the ynoxinul.
The ynoxinul hits you.
You hit the ynoxinul. The ynoxinul hits you.
* * * LOW HITPOINT WARNING * * *
You closely miss the ynoxinul.
The ynoxinul gestures.
You hit the ynoxinul. You block the ufetubus's attack. The ufetubus hits you.
* * * LOW HITPOINT WARNING * * *
You block the ynoxinul's attack.
You hit the ynoxinul but do no damage. Your bite misses the ynoxinul.
You block the ufetubus's attack.
The ufetubus hits you but does no damage.
The ynoxinul hits you.
* * * LOW HITPOINT WARNING * * *
You hit the ynoxinul.
The ufetubus hits you but does no damage.
You block the ufetubus's attack.
The ufetubus hits you but does no damage.
You block the ufetubus's attack. The ufetubus barely misses you.
The ufetubus misses you.
The ynoxinul falters for a moment.
You hit the ynoxinul.
You bite the ynoxinul, but do no damage.
The ufetubus hits you but does no damage.
The ufetubus hits you.
* * * LOW HITPOINT WARNING * * *
You block the ufetubus's attack. The ufetubus hits you.
* * * LOW HITPOINT WARNING * * *
The ynoxinul gestures at you. The iron shot hits you!!
Ouch! That really hurt!
You die...

# ######.#..
#####.#.........
#.....5@##....#.
.$'..∩.53.......
..#........##...
#...∩..#..# ##
#..._.......
#.......#.#..
#.....#.# . .
......... ..


You could see a ynoxinul and 2 ufetubi.

Vanquished Creatures
  Natasha (twice) (D:2)
  2 oozes (D:2)
  A worm (D:2)
  A dart slug (D:1)
  2 leopard geckos (D:2)
  2 ball pythons
  6 giant cockroaches (D:2)
  5 hobgoblins
  6 bats
  3 frilled lizards (D:2)
  2 kobolds (D:1)
  2 rats (D:2)
34 creatures vanquished.

Notes
Turn   | Place    | Note
-------+----------+-------------------------------------------
     0 | D:1      | vurker the Vine Stalker Fighter began the quest for the
                  | Orb.
     0 | D:1      | Reached XP level 1. HP: 11/11 MP: 2/2
   194 | D:1      | Reached XP level 2. HP: 10/16 MP: 1/3
   658 | D:2      | Reached XP level 3. HP: 16/20 MP: 4/4
   762 | D:2      | Found a shadowy altar of Dithmenos.
   778 | D:2      | Reached skill level 1 in Short Blades
   907 | D:2      | Noticed Natasha
   923 | D:2      | Killed Natasha
   944 | D:2      | Gained mutation: Your natural rate of healing is unusually
                  | fast. [Vine Stalker growth]
   944 | D:2      | Reached XP level 4. HP: 17/24 MP: 5/5
  1014 | D:2      | Noticed Natasha
  1047 | D:2      | Killed Natasha
  1095 | D:2      | Noticed Terence
  1269 | D:2      | Cast into level 1 of the Abyss (Terence)
  1269 | Abyss:1  | Found a corrupted altar of Lugonu.
  1274 | Abyss:1  | Noticed a ynoxinul
  1292 | Abyss:1  | Killed from afar by a ynoxinul

Levels and vault maps discovered:
D:1:      psy_arrival_dodecagon, layout_rooms, hangedman_decor_push,
          minmay_splitting_lines
D:2:      layout_basic, grunt_dithmenos_smoke, xom_butterflies, first_ration,
          serial_bayou_pond_d, uniq_natasha, uniq_terence
Abyss:1:  base:
D:2

Skill      XL: |  1  2  3 |
---------------+----------+-----
Shields        | 3 |  3.7
Fighting       | 3 |  3.1
Short Blades   | 1 |  1.9
Long Blades    | |  1.7
Armour         | |  2.4
Dodging        | |  0.7

Action                   |  1- 3 |  4- 6 || total
-------------------------+-------+-------++-------
Melee: Long sword        |     8 |       ||     8
       Short sword       |    12 |       ||    12
       Bite              |    37 |    33 ||    70
       Dagger            |   100 |    81 ||   181
  Eat: Chunk             |       |     1 ||     1
Armor: Scale mail        |    82 |    20 ||   102
Dodge: Dodged            |    38 |    21 ||    59
Block: Shield            |    59 |    36 ||    95
